 Dungeon Crawl Stone Soup version 0.24-a0-583-g87330a4 (webtiles) character file.

Game seed: 14850852518494182523, levelgen mode: deterministic

0 Esekla the Skirmisher (level 1, -2/18 HPs)
             Began as a Formicid Abyssal Knight on Aug 28, 2019.
             Was a Follower of Lugonu.
             Slain by a starspawn tentacle (3 damage)
             ... attached to a tentacled starspawn
             ... on level 1 of the Abyss.
             The game lasted 00:00:46 (47 turns).

Esekla the Skirmisher (Formicid Abyssal Knight)       Turns: 47, Time: 00:00:47

Health: -2/18      AC:  3    Str: 16    XL:     1   Next: 0%
Magic:  2/2        EV:  8    Int: 11    God:    Lugonu [*.....]
Gold:   10         SH:  0    Dex: 10    Spells: 0/0 levels left

rFire    . . .     SeeInvis +   a - +1 hand axe
rCold    . . .     Gourm    .   (no shield)
rNeg     . . .     Faith    .   b - +0 leather armour
rPois    .         Spirit   .   (helmet unavailable)
rElec    .         Reflect  .   (no cloak)
rCorr    .         Harm     .   (no gloves)
MR       .....                  (no boots)
Stlth    +.........             (no amulet)
HPRegen  0.00/turn              (no ring)
MPRegen  0.08/turn              (no ring)

@: non-regenerating, diseased, constricted
A: permanent stasis, dig shafts and tunnels, four strong arms, antennae 3
a: Dig, Shaft Self, Depart the Abyss, Renounce Religion


You were on level 1 of the Abyss.
You worshipped Lugonu.
Lugonu was aware of your devotion.
You were not hungry.

You visited 0 branches of the dungeon, and saw 0 of its levels.
You visited the Abyss 1 time.

You collected 10 gold pieces.

Inventory:

Hand Weapons
 a - a +1 hand axe (weapon)
Missiles
 d - 8 boomerangs (quivered)
Armour
 b - a +0 leather armour (worn)
Potions
 e - a potion of lignification {unknown}
Comestibles
 c - a ration


   Skills:
 + Level 3.2 Fighting
 * Level 2.0 Axes
 * Level 2.1 Armour
 + Level 0.8 Dodging
 + Level 2.1 Invocations


You couldn't memorise any spells.
You didn't know any spells.
Your spell library was empty.

Dungeon Overview and Level Annotations

Branches:
Dungeon (0/15)

Altars:


Innate Abilities, Weirdness & Mutations

You cannot be hasted, slowed, berserked, paralysed or teleported.
You can dig through walls and to a lower floor.
Your four strong arms can wield two-handed weapons with a shield.
You have a pair of large antennae on your head. (SInv)


Message History

Found 8 gold pieces.
The sea snake changes into a shining eye!
You feel yourself growing ill in the presence of the ancient zyme.
A starcursed mass comes into view.
The shining eye changes into a moth of wrath!
A tentacle flies out from the starspawn's body!
The starcursed mass shrieks in your mind.
A starspawn tentacle comes into view.
The moth of wrath changes into a glowing shapeshifter!
A starcursed mass splits.
A starcursed mass splits.
The starspawn tentacle grabs you. The starspawn tentacle constricts you.
You escape the starspawn tentacle's grasp.
The starspawn tentacle barely misses you.
A chorus of shrieks assaults your mind.
* * * LOW HITPOINT WARNING * * *
You feel ill.
The starspawn tentacle barely misses you.
The starspawn tentacle grabs you.
You die...

........{.\.......
#...../ #\.....##
#....│.##.X....##.
......│.../........
.......\.│.........
........\│.........
.........\\........
§.........ww.......
§....x.....@.......
##......##...$..##.
#....X. #......#
.....{. ..........
...X.............
.................
.............
..............


You could see a tentacled starspawn, an ancient zyme and 2 starspawn tentacles.

Vanquished Creatures (others)
  3 starspawn tentacles (Abyss:1)
3 creatures vanquished.

Notes
Turn   | Place    | Note
-------+----------+-------------------------------------------
     0 | Abyss:1  | Esekla the Formicid Abyssal Knight began the quest for the
                  | Orb.
     0 | Abyss:1  | Reached XP level 1. HP: 18/18 MP: 2/2
    25 | Abyss:1  | Noticed a tentacled starspawn
    41 | Abyss:1  | Noticed a sea snake
    41 | Abyss:1  | a glowing shapeshifter changed into a sea snake
    41 | Abyss:1  | Noticed an ancient zyme
    42 | Abyss:1  | Noticed a shining eye
    42 | Abyss:1  | a sea snake changed into a shining eye
    43 | Abyss:1  | Noticed a starcursed mass
    43 | Abyss:1  | Noticed a moth of wrath
    43 | Abyss:1  | a shining eye changed into a moth of wrath
    44 | Abyss:1  | Noticed a glowing shapeshifter
    44 | Abyss:1  | a moth of wrath changed into a glowing shapeshifter
    47 | Abyss:1  | Slain by a starspawn tentacle

Levels and vault maps discovered:
Abyss:1

Action                   || total
-------------------------++-------
Dodge: Dodged            ||     4

Table legend:
 A = Non-vault XP
 B = Vault XP
 C = Vault XP percentage of total XP
 D = Non-vault monster count
 E = Vault monster count
 F = Vault count percentage of total count
                 A         B        C        D         E       F
            +---------+---------+-------+---------+---------+-------
      Total |       0 |       0 |   N/A |       0 |       0 |  -nan
            +---------+---------+-------+---------+---------+-------
            +---------+---------+-------+---------+---------+-------
